 Dungeon Crawl Stone Soup version 0.26-a0-708-g17f3b190f9 (webtiles) character file.

Game seed: 15297995507957007383

293182 vt the Champion of Chaos (level 20, -19/196 HPs)
             Began as a Deep Dwarf Fighter on Oct 30, 2020.
             Was the Champion of Makhleb.
             Killed from afar by an ancient lich (45 damage)
             ... with a bolt of lightning
             ... on level 5 of the Depths.
             The game lasted 00:57:55 (25063 turns).

vt the Champion of Chaos (Deep Dwarf Fighter)      Turns: 25063, Time: 00:57:56

Health: -19/196    AC: 24    Str: 27    XL:     20   Next: 0%
Magic:  7/7        EV: 10    Int: 11    God:    Makhleb [******]
Gold:   2651       SH: 18    Dex: 17    Spells: 19/19 levels left

rFire    + . .     SeeInvis .   a - +4 broad axe (flame)
rCold    + . .     Faith    .   R - +0 tower shield
rNeg     + . .     Spirit   .   G - +2 plate armour {rC+}
rPois    +         Reflect  .   d - +0 hat
rElec    .         Harm     .   n - +1 cloak of the Rose {rC+}
rCorr    .         Rampage  .   Z - +0 pair of gloves
MR       ++++.                  X - +2 pair of boots
Stlth    ..........             J - amulet of the acrobat
HPRegen  0.00/turn              v - ring "Itemir" {Fire *Contam rPois Dex+5}
MPRegen  0.10/turn              m - ring of protection from magic

@: about to teleport, non-regenerating, heavily drained
A: damage resistance, heal wounds, low mp 1, negative energy resistance 1, sense
surroundings 3, screaming 1, no regeneration
}: 2/15 runes: decaying, serpentine
a: Heal Wounds, Minor Destruction, Lesser Servant of Makhleb, Major Destruction,
Greater Servant of Makhleb, Renounce Religion


You were on level 5 of the Depths.
You worshipped Makhleb.
Makhleb was exalted by your worship.
You visited 7 branches of the dungeon, and saw 36 of its levels.
You also visited: Sewer, Gauntlet and Ice Cave.

You collected 3014 gold pieces.
You spent 363 gold pieces at shops.

Inventory:

Hand Weapons
 a - a +4 broad axe of flaming (weapon)
   (You took it off a hell knight on level 4 of the Depths)
 A - a +2 rapier of distortion
   (You took it off a deep elf demonologist on level 2 of the Depths)
Missiles
 j - 22 curare-tipped darts
 r - 19 silver javelins
 B - a throwing net {!d}
 D - 59 boomerangs (quivered)
Armour
 d - a +0 hat (worn)
   (You took it off Gastronok on level 8 of the Dungeon)
 n - the +1 cloak of the Rose (worn) {rC+}
   (You found it on level 4 of the Depths)

   It protects you from cold.
 G - a +2 plate armour of cold resistance (worn)
   (You took it off an orc warrior on level 2 of the Orcish Mines)
 R - a +0 tower shield (worn)
   (You took it off a naga warrior on level 3 of the Snake Pit)
 X - a +2 pair of boots (worn)
   (You found it on level 14 of the Dungeon)
 Z - a +0 pair of gloves (worn)
   (You found it on level 4 of the Lair of Beasts)
Jewellery
 m - a ring of protection from magic (right hand)
   (You found it on level 2 of the Lair of Beasts)
 p - an uncursed ring of poison resistance
   (You took it off a boggart on level 15 of the Dungeon)
 t - an uncursed ring of ice
   (You found it on level 3 of the Lair of Beasts)
 v - the ring "Itemir" (left hand) {Fire *Contam rPois Dex+5}
   (You found it on level 15 of the Dungeon)

   [ring of fire]

   It enhances your fire magic.
   It affects your dexterity (+5).
   It protects you from fire.
   It makes you vulnerable to cold.
   It protects you from poison.
   It causes magical contamination when unequipped.
 J - an amulet of the acrobat (around neck)
   (You found it on level 9 of the Dungeon)
 U - a +4 ring of protection
   (You found it on level 10 of the Dungeon)
 Y - an uncursed ring of fire
   (You found it on level 14 of the Dungeon)
Wands
 w - a wand of acid (2)
   (You found it on level 5 of the Dungeon)
 y - a wand of disintegration (43)
   (You found it in a Gauntlet)
 z - a wand of paralysis (15)
   (You found it in a Gauntlet)
 C - a wand of enslavement (13)
   (You found it on level 15 of the Dungeon)
 O - a wand of iceblast (15)
   (You took it off Maurice on level 1 of the Orcish Mines)
Scrolls
 b - a scroll of magic mapping
 c - a scroll of immolation
 h - 10 scrolls of teleportation {@r4}
 k - 7 scrolls of fear
 s - 9 scrolls of identify {@r1}
 x - 3 scrolls of blinking {@r5!r}
 E - 2 scrolls of vulnerability {!r}
 F - a scroll of summoning {unknown}
 P - a scroll of silence {!r}
 S - 2 scrolls of fog
 W - 8 scrolls of remove curse {@r2}
Potions
 e - 3 potions of ambrosia
 f - 6 potions of mutation
 g - 6 potions of flight
 i - 16 potions of curing {@q1}
 l - 3 potions of heal wounds {@q2}
 u - 2 potions of might {@q4}
 H - a potion of berserk rage {!q}
 I - 4 potions of lignification
 K - a potion of magic
 L - 3 potions of resistance {@q5}
 N - 2 potions of invisibility
 Q - 2 potions of cancellation
 V - 6 potions of haste {@q3}
Miscellaneous
 o - a tin of tremorstones (1/3) {@V1}
   (You found it on level 3 of the Snake Pit)
 q - a phial of floods
   (You found it on level 9 of the Dungeon)
 M - a box of beasts (3/3)
   (You found it in a Gauntlet)
 T - a condenser vane (1/2) {@V2}
   (You found it in a Gauntlet)


   Skills:
 - Level 16.1(14.5) Fighting
 - Level 18.0(16.3) Axes
 - Level 13.2(11.7) Armour
 - Level 9.6(8.2) Dodging
 - Level 11.0(9.5) Shields
 + Level 22.8(20.9) Invocations
 - Level 13.5(12.0) Evocations


You had 19 spell levels left.
You didn't know any spells.
Your spell library contained the following spells:

 Spells                   Type           Power        Failure   Level
 Animate Skeleton         Necr           #.....       100%        1
 Apportation              Tloc           #.....       100%        1
 Corona                   Hex            #......      100%        1
 Foxfire                  Conj/Fire      #...         100%        1
 Magic Dart               Conj           #...         100%        1
 Pain                     Necr           #...         100%        1
 Sandblast                Erth           #.....       100%        1
 Shock                    Conj/Air       #...         100%        1
 Sting                    Tmut/Pois      #...         100%        1
 Summon Small Mammal      Summ           #...         100%        1
 Blink                    Tloc           N/A          100%        2
 Call Imp                 Summ           #.......     100%        2
 Corpse Rot               Necr/Air       N/A          100%        2
 Passwall                 Tmut/Erth      #.......     100%        2
 Poisonous Vapours        Pois/Air       #.....       100%        2
 Slow                     Hex            #.......     100%        2
 Sublimation of Blood     Necr           #.........   100%        2
 Swiftness                Air            #.......     100%        2
 Call Canine Familiar     Summ           #.......     100%        3
 Conjure Flame            Conj/Fire      #.......     100%        3
 Ignite Poison            Fire/Tmut/Pois #.......     100%        3
 Lesser Beckoning         Tloc           #.........   100%        3
 Mephitic Cloud           Conj/Pois/Air  #.......     100%        3
 Stone Arrow              Conj/Erth      #.....       100%        3
 Summon Guardian Golem    Hex/Summ       #.......     100%        3
 Tukima's Dance           Hex            #.......     100%        3
 Vampiric Draining        Necr           #.........   100%        3
 Animate Dead             Necr           #.........   100%        4
 Dispel Undead            Necr           #.......     100%        4
 Olgreb's Toxic Radiance  Pois           #.......     100%        4
 Petrify                  Tmut/Erth      #.......     100%        4
 Summon Ice Beast         Ice/Summ       #.......     100%        4
 Summon Lightning Spire   Summ/Air       #.......     100%        4
 Agony                    Necr           #.......     100%        5
 Alistair's Intoxication  Tmut/Pois      #........    100%        5
 Bolt of Magma            Conj/Fire/Erth #.........   100%        5
 Borgnjor's Vile Clutch   Necr/Erth      #.........   100%        5
 Excruciating Wounds      Necr           #.........   100%        5
 Fireball                 Conj/Fire      #.........   100%        5
 Iskenderun's Battlesphe  Conj           #.......     100%        5
 Lee's Rapid Deconstruct  Erth           #.........   100%        5
 Summon Demon             Summ           #.........   100%        5
 Summon Forest            Summ/Tloc      #.........   100%        5
 Summon Mana Viper        Hex/Summ       #.......     100%        5
 Eringya's Noxious Bog    Tmut/Pois      #.........   100%        6
 Hydra Form               Tmut           #.........   100%        6
 Invisibility             Hex            #.......     100%        6
 Iron Shot                Conj/Erth      #.........   100%        6
 Shadow Creatures         Summ           N/A          100%        6
 Starburst                Conj/Fire      #.........   100%        6
 Orb of Destruction       Conj           #.........   100%        7
 Spellforged Servitor     Conj/Summ      #.........   100%        7
 Summon Hydra             Summ           #.........   100%        7
 Ignition                 Fire           #.........   100%        8


Dungeon Overview and Level Annotations

Branches:
Dungeon (15/15)            Temple (1/1) D:7            Lair (5/6) D:9
  Swamp (4/4) Lair:4        Snake (4/4) Lair:2        Slime (0/5) Lair:5
    Orc (2/2) D:9             Elf (0/3) Orc:2        Vaults (0/5) D:14
 Depths (5/5) D:15          Sewer (visited)           IceCv (visited)
Gauntlet (visited)
    Zot: Depths:5

Altars:
Ashenzari
Cheibriados
Dithmenos
Elyvilon
Gozag
Hepliaklqana
Kikubaaqudgha
Makhleb
Okawaru
Qazlal
Ru
Sif Muna
Trog
Uskayaw
Vehumet
Wu Jian
Xom
Yredelemnul
Zin
Beogh
Jiyva

Shops:
D:4 *   D:6 [   Orc:2 [**[   Snake:2 }=}   Depths:4 [**=

Portals:
Hell: Depths:2 Depths:4
Abyss: Depths:1 Depths:2 Depths:4
Ziggurat: Depths:4

Annotations:
D:4 Menkaure
Snake:3 Roxanne
Depths:2 2 runed translucent doors
Depths:4 2 runed translucent doors


Innate Abilities, Weirdness & Mutations

You are resistant to damage.
You can heal yourself by infusing magical energy.
You resist negative energy. (rN+)
You passively map a large area around you.
You do not regenerate.
Your magical capacity is low. (-10% MP)
You occasionally shout uncontrollably at your foes.


Message History

Makhleb accepts your kill.
You feel better.
Reactivating autopickup.
You feel a bit more experienced.
The burst of rock shards engulfs the ancient lich but does no damage.
The burst of rock shards engulfs the vampire knight but does no damage.
The burst of rock shards engulfs the stone giant but does no damage.
The burst of rock shards engulfs the ancient lich!
You hear a shout!
You hear a roar!
You hear a shout! x2; You hear a roar! x4
The stone giant is engulfed in blazing flames.
The flayed ghost is engulfed in blazing flames.
The ancient lich is engulfed in blazing flames.
You block the ancient lich's attack.
Evoke which item? (* to show all) (? for menu, Esc to quit)
The tremorstone explodes into fragments!
The burst of rock shards engulfs the flayed ghost!!
The burst of rock shards engulfs the vampire knight but does no damage.
The burst of rock shards engulfs the stone giant!
The burst of rock shards engulfs the ancient lich but does no damage.
The burst of rock shards engulfs the flayed ghost!!
The burst of rock shards engulfs the vampire knight but does no damage.
The burst of rock shards engulfs the stone giant!
The burst of rock shards engulfs the flayed ghost!
You destroy the flayed ghost!
Makhleb accepts your kill.
The burst of rock shards engulfs the vampire knight but does no damage.
The burst of rock shards engulfs the stone giant but does no damage.
The burst of rock shards engulfs the vampire knight but does no damage.
The burst of rock shards engulfs the stone giant!
You hear a shout!
You hear a roar! x2
The ancient lich gestures at you while chanting.
You resist with almost no effort.
A spriggan berserker comes into view. It is wielding a +0 war axe.
The stone giant is engulfed in blazing flames.
The ancient lich touches you but does no damage.
You slash the ancient lich! You burn the ancient lich.
The ancient lich is moderately damaged.
The stone giant is engulfed in blazing flames.
The ancient lich is engulfed in blazing flames.
The ancient lich points at you and mumbles some strange words.
The bolt of lightning hits you!!!
* * * LOW HITPOINT WARNING * * *
The spriggan berserker is engulfed in blazing flames.
Your magical essence is drained by the effort!
You feel much better.
The spriggan berserker is engulfed in blazing flames.
The ancient lich touches you but does no damage.
The stone giant is engulfed in blazing flames.
You kill the stone giant!
Makhleb accepts your kill.
You feel better.
You have reached level 20!
You feel clever.
A freezing mist starts to gather...
The vampire knight is engulfed in blazing flames.
The vampire knight gestures wildly while chanting.
The vampire knight flickers and vanishes!
Deactivating autopickup; reactivate with Ctrl-A.
The spriggan berserker is engulfed in blazing flames.
The spriggan berserker mumbles some strange prayers to Trog.
The spriggan berserker goes berserk!
A stone giant simulacrum comes into view.
You hit the ancient lich but do no damage.
The ancient lich is moderately damaged.
You block the ancient lich's attack.
The spriggan berserker is engulfed in blazing flames.
The ancient lich touches you.
You slash the ancient lich! You burn the ancient lich.
The ancient lich is moderately damaged.
The spriggan berserker is engulfed in blazing flames. x2
The ancient lich casts a spell at you. You resist with almost no effort.
The stone giant simulacrum is engulfed in blazing flames.
The spriggan berserker is engulfed in blazing flames.
You kill the spriggan berserker!
Makhleb accepts your kill.
You feel better.
The ettin hits you with a +0 great mace!!
The ettin closely misses you.
You hit the ancient lich.
The ancient lich is moderately damaged.
Your plate armour prevents you from hitting the ettin.
The ancient lich gestures at you while chanting.
The bolt of lightning hits you!!!
* * * LOW HITPOINT WARNING * * *
The stone giant simulacrum is engulfed in blazing flames.
The ancient lich touches you!
* * * LOW HITPOINT WARNING * * *
You partially resist.
You feel drained.
You are too injured to fight recklessly!
You are too injured to fight recklessly!
You are too injured to fight recklessly!
As you read the scroll of teleportation {@r4}, it crumbles to dust.
You feel strangely unstable. You block the ettin's attack.
The ettin hits you with a +0 dire flail of protection!!
* * * LOW HITPOINT WARNING * * *
A shadow dragon comes into view.
The ancient lich casts a spell at you. The bolt of lightning hits you!!!
You die...

* , ,
,▓~.░.░.░..░░░░░░░░░░░ +
, **▓▓▓▓≈.░...░..░.░░░░
░... * **
~≈~~≈.░░░....░....░ ░.░░
, , ~............░░.░░.░
░.░ *
.......░...░░░.░░.░░░.░
, , ,
~...........░...░░.....░
,*
.........░░░.░░░░░░░░░░
, , ......C..░...░ *
**~~~~≈≈.░@░░.░░░
**▓▓▓▓~.░L░░░░ * ▓~.░Z§░
, , ,, ▓~.§§§░, Z * ∩,
▓≈..§§D:.e3.Z* ,,
,,▓≈..§§░░░░░░░ ** * *
,▓≈..... , ~ ~ *▓~......
,,, ~ ~~~......, *


You could see a shadow dragon, an ancient lich (fast), an ettin and a stone
giant simulacrum.

Vanquished Creatures
  Vashnia (Snake:3)
  A caustic shrike (Depths:2)
  2 golden dragons
  A tentacled monstrosity (Depths:2)
  A lich (Depths:4)
  An Executioner (Depths:4)
  4 sphinxes
  Frances (D:14)
  Gastronok (D:8)
  A storm dragon (Depths:2)
  3 tengu reavers
  A shadow dragon (Depths:2)
  3 thorn hunters
  10 nagarajas (Snake:4)
  5 frost giants
  A deep elf sorcerer (Depths:2)
  4 fire giants
  A cacodemon (Depths:4)
  An iron dragon (Depths:4)
  An orc warlord (Orc:2)
  4 spriggan defenders
  7 very ugly things
  12 stone giants
  3 deep elf demonologists
  A vampire knight (Depths:2)
  12 slime creatures
  A dire elephant (D:15)
  7 spark wasps
  3 ettins
  A blizzard demon (Depths:4)
  7 fire dragons
  3 yaktaur captains
  3 great orbs of eyes
  4 rakshasas
  Erolcha (D:9)
  2 boulder beetles
  8 spriggan air magi
  6 ice dragons
  11 hydras
  13 naga warriors
  A ghost crab (Swamp:4)
  8 two-headed ogres
  8 anacondas
  Erica (D:8)
  A death knight (D:14)
  5 centaur warriors
  4 deep troll shamans
  4 deep troll earth magi
  A tengu warrior (Depths:2)
  2 ogre magi
  5 death yaks (Lair:3)
  3 alligators
  2 shock serpents
  4 orc high priests (Orc:2)
  8 naga sharpshooters
  6 spriggan berserkers
  10 hell knights (Depths:4)
  An iron troll (Depths:2)
  A storm dragon skeleton (Depths:4)
  6 deep trolls
  3 unseen horrors
  2 salamander mystics
  A sea snake (shapeshifter) (Depths:2)
  A sea snake (Snake:2)
  An unseen horror (shapeshifter) (Depths:2)
  12 swamp dragons
  A wizard (D:14)
  6 naga ritualists
  2 flayed ghosts
  An oklob plant (Lair:2)
  2 necromancers
  6 orc knights
  3 mana vipers
  4 orc sorcerers (Orc:2)
  2 wolf spider zombies (D:14)
  A deep elf mage (D:15)
  A sphinx zombie (Depths:4)
  A wolf spider (D:15)
  10 ugly things
  7 cyclopes
  7 salamanders
  2 manticores
  A rust devil (Gauntlet)
  3 centaur zombies
  Maurice (Orc:1)
  2 frost giant skeletons (Depths:4)
  8 elephants
  16 naga magi
  24 black mambas
  2 ice statues (IceCv)
  17 cane toads
  Maggie (D:8)
  18 guardian serpents
  An orange demon (Depths:4)
  3 gargoyles (D:13)
  An elf zombie (Depths:4)
  5 spectral swamp worms (Depths:2)
  An efreet (D:13)
  2 freezing wraiths
  A rime drake (Lair:5)
  6 komodo dragons
  6 kobold demonologists
  9 yaktaurs
  2 hellwings (Depths:4)
  8 trolls
  2 wolf spider simulacra
  11 hornets
  A hornet (shapeshifter) (Depths:2)
  13 polar bears
  3 tengu conjurers
  18 blink frogs
  8 tyrant leeches
  10 bog bodies
  A snapping turtle (shapeshifter) (Depths:2)
  Prince Ribbit (D:7)
  A blink frog (shapeshifter) (Depths:2)
  A spriggan (shapeshifter) (D:14)
  3 centaur simulacra
  9 spriggans
  10 wraiths
  3 ynoxinuls
  A basilisk (Lair:5)
  4 shadows
  3 wyverns
  44 yaks
  A water elemental (Depths:3)
  A steam dragon (D:8)
  19 vampire mosquitoes
  A neqoxec (Depths:4)
  11 wargs
  A harpy simulacrum (D:14)
  29 nagas
  7 insubstantial wisps (Swamp:2)
  12 swamp worms
  An acid dragon (D:15)
  Duvessa (D:8)
  11 water moccasins
  42 orc warriors
  3 sky beasts
  15 swamp drakes
  An eye of draining (D:10)
  6 ice beasts
  3 black bears
  3 necrophages
  2 phantoms
  27 wolves
  24 ogres
  5 boggarts
  14 centaurs
  Blork the orc (D:6)
  4 big kobolds
  11 bullfrogs
  2 gnoll sergeants
  A water moccasin zombie (D:9)
  4 scorpions
  Dowan (D:8)
  9 killer bees
  10 wights (D:13)
  6 howler monkeys
  2 electric eels (Lair:3)
  7 hounds
  A bullfrog zombie (D:8)
  2 jellies
  29 orc wizards
  3 iron imps (Gauntlet)
  34 orc priests
  2 bullfrog skeletons (D:10)
  4 centaur skeletons
  6 iguanas
  10 worker ants
  2 hound zombies
  3 hound skeletons
  A worker ant zombie (D:11)
  19 adders
  9 gnolls
  3 river rats (Sewer)
  A shadow imp (D:6)
  15 white imps
  2 ufetubi
  An ooze (Sewer)
  2 adder skeletons
  6 worms
  3 dart slugs
  7 leopard geckos
  115 orcs
  6 bats
  13 giant cockroaches
  5 hobgoblins
  4 jackals (D:5)
  20 kobolds
  A quokka (D:7)
  A ball python skeleton (D:4)
  3 frilled lizards
  A giant cockroach zombie (D:5)
  2 goblins
  A jackal skeleton (D:4)
  A jackal zombie (D:9)
  2 rats (D:1)
  2 briar patches (Swamp:2)
1235 creatures vanquished.

Vanquished Creatures (collateral kills)
  the Enchantress (Depths:4)
  A shadow dragon (Depths:4)
  Louise (Swamp:1)
  A minotaur (Gauntlet)
  A naga warrior (Snake:2)
  A naga sharpshooter (Snake:3)
  A shock serpent (Snake:2)
  2 hell knights (Depths:4)
  A sea snake (Snake:2)
  A yak (IceCv)
11 creatures vanquished.

Vanquished Creatures (others)
  Nikola (Swamp:1)
  An anaconda (Snake:3)
  A shock serpent (Snake:2)
  A necromancer (Depths:2)
  A guardian serpent (Snake:4)
  A hornet (Swamp:1)
  2 vampire mosquitoes
  A swamp worm (Swamp:4)
  A naga (Snake:4)
  A swamp drake (Swamp:4)
  A sky beast (D:7)
  An orc wizard (D:14)
  A white imp (D:14)
  11 fungi
  26 plants
51 creatures vanquished.

Grand Total: 1297 creatures vanquished

Notes
Turn   | Place    | Note
-------+----------+-------------------------------------------
     0 | D:1      | vt the Deep Dwarf Fighter began the quest for the Orb.
     0 | D:1      | Reached XP level 1. HP: 20/20 MP: 1/1
    77 | D:1      | Reached skill level 3 in Axes
    78 | D:1      | Reached XP level 2. HP: 27/27 MP: 2/2
   371 | D:3      | Reached XP level 3. HP: 28/33 MP: 3/3
   378 | D:3      | Reached skill level 4 in Axes
   380 | D:3      | Found a glowing drain.
   423 | Sewer    | Entered a sewer
   461 | Sewer    | Reached XP level 4. HP: 25/40 MP: 4/4
   498 | Sewer    | Reached skill level 5 in Axes
  1009 | D:2      | Reached XP level 5. HP: 25/46 MP: 4/4
  1028 | D:2      | Found a bloodstained altar of Trog.
  1167 | D:1      | Reached skill level 6 in Axes
  1405 | D:4      | Noticed a phantom
  1426 | D:4      | Killed a phantom
  1426 | D:4      | Reached skill level 7 in Axes
  1426 | D:4      | Reached XP level 6. HP: 32/55 MP: 4/4
  1512 | D:4      | Found Woas's Lightly-Used Armoury.
  1543 | D:4      | Reached skill level 8 in Axes
  1586 | D:4      | Noticed Menkaure
  1601 | D:5      | Entered Level 5 of the Dungeon
  1698 | D:5      | Reached XP level 7. HP: 44/61 MP: 5/5
  1861 | D:4      | Found a snail-covered altar of Cheibriados.
  1948 | D:5      | Reached skill level 9 in Axes
  2023 | D:5      | Identified the Disquisition on Weightlessness and the
                  | Escort
  2098 | D:5      | Found a radiant altar of Vehumet.
  2100 | D:5      | Identified Vehumet's Compendium of Attacks
  2108 | D:5      | Found an ancient bone altar of Kikubaaqudgha.
  2109 | D:5      | Found a shimmering blue altar of Sif Muna.
  2183 | D:5      | Reached skill level 10 in Axes
  2193 | D:5      | HP: 4/61 [ogre/+0 giant spiked club (21)]
  2195 | D:5      | Reached skill level 3 in Fighting
  2195 | D:5      | Reached XP level 8. HP: 24/69 MP: 5/5
  2377 | D:6      | Noticed Blork the orc
  2389 | D:6      | Killed Blork the orc
  2389 | D:6      | Reached skill level 4 in Fighting
  2617 | D:6      | Reached skill level 5 in Fighting
  2798 | D:6      | HP: 18/76 [orc priest/divine providence (8)]
  2800 | D:6      | Reached skill level 6 in Fighting
  2975 | D:6      | Found Xehac's Armour Shop.
  3009 | D:7      | Found an iron altar of Okawaru.
  3021 | D:7      | Reached skill level 7 in Fighting
  3022 | D:7      | HP: 18/79 [orc warrior/+2 war axe of draining (12)]
  3068 | D:8      | Gained mutation: You passively map the area around you.
                  | [Deep Dwarf growth]
  3068 | D:8      | Reached XP level 9. HP: 40/86 MP: 6/6
  3093 | D:8      | Noticed Gastronok
  3125 | D:8      | Killed Gastronok
  3125 | D:8      | Reached skill level 10 in Fighting
  3125 | D:8      | Reached skill level 5 in Armour
  3167 | D:8      | Reached XP level 10. HP: 60/102 MP: 6/6
  3169 | D:8      | Reached skill level 6 in Armour
  3220 | D:8      | Found a shadowy altar of Dithmenos.
  3220 | D:8      | Noticed Maggie
  3242 | D:8      | Killed Maggie
  3242 | D:8      | Reached skill level 7 in Armour
  3399 | D:8      | Noticed Erica
  3418 | D:8      | Killed Erica
  3418 | D:8      | Reached skill level 8 in Armour
  3426 | D:8      | Found a glowing silver altar of Zin.
  3429 | D:7      | Noticed Duvessa
  3429 | D:7      | Noticed Dowan
  3442 | D:8      | Killed Dowan
  3446 | D:8      | Killed Duvessa
  3446 | D:8      | Reached skill level 9 in Armour
  3573 | D:8      | Found a hazy altar of Hepliaklqana.
  3757 | D:7      | Noticed Prince Ribbit
  3782 | D:7      | Reached skill level 10 in Armour
  3799 | D:7      | Killed Prince Ribbit
  3939 | D:7      | Found a staircase to the Ecumenical Temple.
  3958 | Temple   | Entered the Ecumenical Temple
  4022 | Temple   | Became a worshipper of Makhleb the Destroyer
  4121 | D:9      | Reached skill level 11 in Armour
  4129 | D:9      | Reached skill level 1 in Invocations
  4212 | D:9      | HP: 24/102 [vampire mosquito (6)]
  4251 | D:9      | Reached XP level 11. HP: 54/108 MP: 7/7
  4262 | D:9      | Reached skill level 2 in Invocations
  4382 | D:9      | Noticed Erolcha
  4399 | D:9      | Killed Erolcha
  4399 | D:9      | Reached skill level 3 in Invocations
  4438 | D:9      | Found a staircase to the Lair.
  4561 | Lair:1   | Entered Level 1 of the Lair of Beasts
  4567 | Lair:1   | Reached * piety under Makhleb
  4601 | Lair:1   | Reached skill level 4 in Invocations
  4608 | Lair:1   | HP: 26/110 [blink frog (6)]
  4637 | Lair:1   | Reached skill level 5 in Invocations
  4760 | Lair:2   | Reached skill level 11 in Axes
  4831 | Lair:3   | Reached skill level 6 in Invocations
  4877 | Lair:3   | HP: 25/110 [yak (7)]
  4882 | Lair:3   | HP: 21/110 [yak (4)]
  4949 | Lair:3   | Reached skill level 11 in Fighting
  5003 | Lair:3   | Reached ** piety under Makhleb
  5194 | Lair:3   | Reached skill level 7 in Invocations
  5355 | Lair:3   | Noticed a death yak
  5355 | Lair:3   | Noticed a death yak
  5355 | Lair:3   | Noticed a death yak
  5355 | Lair:3   | Noticed a six-headed hydra
  5356 | Lair:3   | Noticed a death yak
  5381 | Lair:2   | Noticed an oklob plant
  5388 | Lair:2   | Killed an oklob plant
  5492 | Lair:2   | Reached XP level 12. HP: 56/120 MP: 9/9
  5492 | Lair:2   | Reached skill level 8 in Invocations
  5520 | Lair:2   | Found a staircase to the Snake Pit.
  5712 | Lair:2   | Reached skill level 12 in Axes
  6407 | Lair:3   | Killed a death yak
  6423 | Lair:3   | Noticed a death yak
  6449 | Lair:3   | Killed a death yak
  6449 | Lair:3   | Reached skill level 9 in Invocations
  6455 | Lair:3   | Killed a death yak
  6461 | Lair:3   | Killed a death yak
  6474 | Lair:3   | Killed a death yak
  6741 | Lair:4   | Reached skill level 12 in Fighting
  6741 | Lair:4   | Reached skill level 10 in Invocations
  6741 | Lair:4   | Noticed a five-headed hydra
  6766 | Lair:4   | HP: 27/122 [16-headed hydra (5)]
  6786 | Lair:3   | HP: 25/122 [five-headed hydra (7)]
  6791 | Lair:3   | HP: 30/122 [three-headed hydra (3)]
  6796 | Lair:3   | Killed a one-headed hydra
  6827 | Lair:4   | Noticed a boulder beetle
  7001 | Lair:4   | Killed a boulder beetle
  7001 | Lair:4   | Reached skill level 13 in Axes
  7013 | Lair:4   | Reached *** piety under Makhleb
  7086 | Lair:4   | Reached skill level 11 in Invocations
  7096 | Lair:4   | Reached XP level 13. HP: 109/130 MP: 13/13
  7339 | Lair:4   | Found a staircase to the Swamp.
  7865 | Lair:5   | Found a gate leading to a gauntlet.
  7874 | Gauntlet | Entered a Gauntlet
  7874 | Gauntlet | Found a transporter.
  7874 | Gauntlet | Found a transporter.
  7889 | Gauntlet | Found a transporter.
  7930 | Gauntlet | Found a transporter.
  8029 | Gauntlet | Found a transporter.
  8053 | Gauntlet | Found a transporter.
  8066 | Gauntlet | Identified the ring of the Scarab {rElec MP+9 Str-5 Stlth+}
  8070 | Gauntlet | Found a transporter.
  8071 | Gauntlet | Found a transporter.
  8082 | Gauntlet | Found a transporter.
  8087 | Gauntlet | Found a transporter.
  8098 | Gauntlet | Noticed a minotaur
  8117 | Gauntlet | Killed a minotaur
  8490 | Lair:5   | Reached skill level 13 in Fighting
  8490 | Lair:5   | Reached skill level 14 in Axes
  8566 | Lair:5   | Found a viscous altar of Jiyva.
  8566 | Lair:5   | Found a staircase to the Slime Pits.
  9047 | D:10     | Entered Level 10 of the Dungeon
  9126 | D:10     | Found a stormy altar of Qazlal.
  9434 | D:10     | Reached **** piety under Makhleb
  9897 | D:11     | You fall into a shaft and drop 1 floor!
 10643 | D:12     | Reached ***** piety under Makhleb
 10948 | D:12     | Reached skill level 15 in Axes
 11060 | D:12     | Reached skill level 14 in Fighting
 11737 | D:13     | Gained mutation: You resist negative energy. (rN+) [Deep
                  | Dwarf growth]
 11737 | D:13     | Reached XP level 14. HP: 110/144 MP: 14/14
 12152 | D:14     | Found a gate to the Vaults.
 12251 | D:14     | Reached skill level 15 in Fighting
 12253 | D:14     | Found a runed translucent door.
 12253 | D:14     | Noticed a sphinx
 12255 | D:14     | Noticed a tengu reaver
 12255 | D:14     | Noticed a fire giant
 12271 | D:14     | Killed a sphinx
 12271 | D:14     | Reached skill level 1 in Dodging
 12271 | D:14     | Reached skill level 1 in Evocations
 12285 | D:14     | Killed a tengu reaver
 12285 | D:14     | Reached skill level 2 in Evocations
 12323 | D:14     | Reached skill level 2 in Dodging
 12323 | D:14     | Reached skill level 4 in Shields
 12326 | D:14     | Killed a fire giant
 12332 | D:14     | Reached skill level 3 in Evocations
 12357 | D:14     | Identified the Collected Works on Heat and the Mountains
 12362 | D:14     | Got a pair of spiked gloves
 12367 | D:14     | Identified the +0 pair of gloves of Amatusess {Harm +Inv
                  | Int+2} (You found it on level 14 of the Dungeon)
 12452 | D:14     | Found a frozen archway.
 12469 | IceCv    | Entered an ice cave
 12497 | IceCv    | Reached skill level 3 in Dodging
 12702 | IceCv    | Reached skill level 4 in Evocations
 12743 | IceCv    | Reached skill level 5 in Shields
 12817 | IceCv    | Noticed a frost giant
 12839 | IceCv    | Killed a frost giant
 13028 | D:14     | Noticed Frances
 13043 | D:14     | Killed Frances
 13043 | D:14     | Reached skill level 4 in Dodging
 13043 | D:14     | Reached skill level 12 in Invocations
 13043 | D:14     | Reached skill level 5 in Evocations
 13467 | D:14     | Reached ****** piety under Makhleb
 14335 | D:15     | Entered Level 15 of the Dungeon
 14418 | D:15     | Got a clouded steel ring
 14420 | D:15     | Identified the ring "Itemir" {Fire *Contam rPois Dex+5}
                  | (You found it on level 15 of the Dungeon)
 14484 | D:15     | Reached XP level 15. HP: 154/154 MP: 14/14
 14502 | D:15     | Reached skill level 6 in Shields
 14634 | D:15     | Reached skill level 5 in Dodging
 14634 | D:15     | Reached skill level 6 in Evocations
 14699 | D:15     | Found a staircase to the Depths.
 15175 | D:9      | Found a staircase to the Orcish Mines.
 15178 | Orc:1    | Entered Level 1 of the Orcish Mines
 15178 | Orc:1    | Found a burning altar of Makhleb.
 15409 | Orc:1    | Found a bloodstained altar of Trog.
 15517 | Orc:2    | Entered Level 2 of the Orcish Mines
 15749 | Orc:1    | Noticed Maurice
 15767 | Orc:1    | Killed Maurice
 15938 | Orc:2    | Found Mussupt's Antique Armour Boutique.
 15968 | Orc:2    | Found a roughly hewn altar of Beogh.
 15974 | Orc:2    | Reached skill level 7 in Evocations
 16030 | Orc:2    | Found Qoikum's Assorted Antiques.
 16044 | Orc:2    | Reached skill level 7 in Shields
 16050 | Orc:2    | Bought a potion of invisibility for 192 gold pieces
 16324 | Orc:2    | Reached skill level 16 in Axes
 16345 | Orc:2    | Reached skill level 13 in Invocations
 16460 | Orc:2    | Found Zauffa Qaomn's Assorted Antiques.
 16510 | Orc:2    | Noticed an orc warlord
 16537 | Orc:2    | Killed an orc warlord
 16544 | Orc:2    | Found a roughly hewn altar of Beogh.
 16608 | Orc:2    | Found Ejampiwi's Armour Shop.
 16623 | Orc:2    | Reached skill level 8 in Evocations
 16991 | Orc:2    | Found a staircase to the Elven Halls.
 17289 | Swamp:1  | Entered Level 1 of the Swamp
 17373 | Swamp:1  | Noticed Nikola
 17375 | Swamp:1  | Reached skill level 8 in Shields
 17387 | Swamp:1  | Killed Nikola
 17388 | Swamp:1  | Noticed Louise
 17395 | Swamp:1  | Reached skill level 9 in Evocations
 17418 | Swamp:1  | Killed Louise
 17829 | Swamp:2  | Reached skill level 14 in Invocations
 17891 | Swamp:3  | Reached XP level 16. HP: 163/163 MP: 16/16
 17900 | Swamp:2  | Noticed a thorn hunter
 17913 | Swamp:2  | Killed a thorn hunter
 17937 | Swamp:3  | Reached skill level 10 in Evocations
 17986 | Swamp:3  | Noticed a thorn hunter
 18027 | Swamp:3  | HP: 37/163 [thorn hunter (8)]
 18031 | Swamp:3  | Killed a thorn hunter
 18108 | Swamp:3  | HP: 31/163 [swamp worm (11)]
 18442 | Swamp:4  | Entered Level 4 of the Swamp
 18466 | Swamp:3  | Reached skill level 17 in Axes
 18686 | Swamp:4  | Noticed a thorn hunter
 18705 | Swamp:4  | Killed a thorn hunter
 18727 | Swamp:4  | Reached skill level 15 in Invocations
 18959 | Swamp:4  | Reached skill level 18 in Axes
 18978 | Swamp:4  | Got a decaying rune of Zot
 19196 | Snake:1  | Entered Level 1 of the Snake Pit
 19457 | Snake:2  | HP: 39/163 [poisoned by a sea snake]
 19467 | Snake:2  | HP: 39/163 [shock serpent/bolt of electricity (11)]
 19494 | Snake:2  | HP: 40/163 [naga warrior/+0 scimitar (3)]
 19704 | Snake:2  | Found Evolut's Gadget Shoppe.
 19705 | Snake:2  | Found Kimus's Jewellery Shop.
 19706 | Snake:2  | Found Qilittaemi's Gadget Shoppe.
 20001 | Snake:3  | Noticed Roxanne
 20107 | Snake:3  | Reached skill level 6 in Dodging
 20168 | Snake:3  | Noticed Vashnia
 20192 | Snake:3  | Reached XP level 17. HP: 170/170 MP: 14/14
 20228 | Snake:3  | Reached skill level 11 in Evocations
 20237 | Snake:3  | Reached skill level 9 in Shields
 20273 | Snake:3  | Killed Vashnia
 20304 | Snake:4  | Entered Level 4 of the Snake Pit
 20339 | Snake:4  | Reached skill level 7 in Dodging
 20534 | Snake:4  | Reached skill level 12 in Armour
 20641 | Snake:4  | Reached skill level 16 in Invocations
 20755 | Snake:4  | Reached skill level 12 in Evocations
 20768 | Snake:4  | Reached skill level 10 in Shields
 20803 | Snake:4  | Reached skill level 8 in Dodging
 20835 | Snake:4  | Got a serpentine rune of Zot
 21269 | Depths:1 | Entered Level 1 of the Depths
 21282 | Depths:1 | HP: 32/171 [deep troll earth mage (12)]
 21351 | Depths:2 | Found a gateway to Hell.
 21461 | Depths:2 | Found a one-way gate to the infinite horrors of the Abyss.
 21465 | Depths:2 | Gained mutation: Your magical capacity is low. (-10% MP) [a
                  | neqoxec]
 21525 | Depths:2 | Gained mutation: You passively map a large area around you.
                  | [Deep Dwarf growth]
 21525 | Depths:2 | Reached XP level 18. HP: 181/181 MP: 11/11
 22032 | Depths:2 | Reached skill level 9 in Dodging
 22034 | Depths:2 | Reached skill level 13 in Evocations
 22130 | Depths:2 | Reached skill level 16 in Fighting
 22130 | Depths:2 | Reached skill level 13 in Armour
 22171 | Depths:2 | Found a runed translucent door.
 22175 | Depths:2 | Found a runed translucent door.
 22175 | Depths:2 | Noticed a golden dragon
 22176 | Depths:2 | Found a runed translucent door.
 22176 | Depths:2 | Noticed a tentacled monstrosity
 22194 | Depths:2 | Noticed a caustic shrike
 22199 | Depths:2 | Reached skill level 11 in Shields
 22205 | Depths:2 | Reached skill level 17 in Invocations
 22226 | Depths:2 | Killed a caustic shrike
 22244 | Depths:2 | HP: 16/181 [frost giant/bolt of cold (41)]
 22822 | Depths:2 | Killed a tentacled monstrosity
 22825 | Depths:2 | Reached skill level 18 in Invocations
 22840 | Depths:2 | Killed a golden dragon
 22957 | Depths:3 | Reached XP level 19. HP: 188/188 MP: 8/8
 23126 | Depths:3 | Reached skill level 19 in Invocations
 23296 | Depths:4 | Found Puqups's Assorted Antiques.
 23298 | Depths:4 | Found Uheiwost's Jewellery Shoppe.
 23298 | Depths:4 | Found Rawidy's Armour Emporium.
 23370 | Depths:4 | Found Uzumneet's Assorted Antiques.
 23372 | Depths:4 | Bought a sapphire potion for 35 gold pieces
 23381 | Depths:4 | Bought a scroll of fear for 73 gold pieces
 23381 | Depths:4 | Bought a potion of curing for 63 gold pieces
 23384 | Depths:4 | Identified the +1 cloak of the Rose {rC+} (You found it on
                  | level 4 of the Depths)
 23445 | Depths:4 | Noticed a golden dragon
 23477 | Depths:4 | Reached skill level 20 in Invocations
 23504 | Depths:4 | Killed a golden dragon
 23748 | Depths:4 | Found a gateway to a ziggurat.
 23858 | Depths:4 | Reached skill level 21 in Invocations
 24101 | Depths:4 | Found a runed translucent door.
 24121 | Depths:4 | Gained mutation: You occasionally shout uncontrollably at
                  | your foes. [a cacodemon]
 24124 | Depths:4 | Found a runed translucent door.
 24151 | Depths:4 | Noticed the Enchantress
 24230 | Depths:4 | HP: 45/188 [Executioner (11)]
 24234 | Depths:4 | Killed the Enchantress
 24234 | Depths:4 | Reached skill level 22 in Invocations
 24235 | Depths:4 | HP: 28/188 [Executioner (17)]
 24244 | Depths:4 | HP: 34/188 [Executioner (14)]
 24352 | Depths:4 | Identified the +8 lajatang of Invincibility {venom, rC-
                  | Str+6}
 24417 | Depths:4 | Found a burning altar of Makhleb.
 24737 | Depths:5 | Entered Level 5 of the Depths
 25044 | Depths:5 | Noticed an ancient lich
 25059 | Depths:5 | Reached XP level 20. HP: 98/196 MP: 7/7
 25062 | Depths:5 | HP: 47/196 [ancient lich (3)]
 25063 | Depths:5 | Killed from afar by an ancient lich

Illustrated notes

Levels and vault maps discovered:
D:1:      nzn_arrival_depleted_hourglass, layout_rooms, minivault_4,
          minmay_pentomino_x2
D:2:      layout_loops_ring, lemuel_coloured_pillars_altar
D:3:      layout_loops_ring, gammafunk_temple_overflow_pools,
          gup_sewer_entry_pipe
D:4:      layout_gridville, lemuel_crystal_altar, minmay_shop_damaged,
          uniq_menkaure
D:5:      layout_cave_pools, grunt_temple_overflow_magic_moments,
          minmay_misc_feat_ornament
D:6:      layout_loops_ring, serial_shops, kennysheep_little_box,
          uniq_blork_the_orc, uniq_crazy_yiuf_cottage
D:7:      layout_gridville, overflow_temple_1_default, kennysheep_mini_moat,
          minmay_temple_entry_arrows, minmay_ruined_shrine, uniq_prince_ribbit1,
          uniq_harold, uniq_duvessa
D:8:      layout_rooms, kennysheep_mini, lemuel_round_altar,
          overflow_temple_1_default, kennysheep_generic_room_5, uniq_maggie,
          uniq_gastronok, uniq_erica
D:9:      layout_roguey, lair_entry_dummy, orc_0_dummy, uniq_erolcha
D:10:     layout_stronghold, basic_altar
D:11:     layout_gridville
D:12:     layout_layer_cave
D:13:     layout_irregular_city
D:14:     minmay_gate_of_8, layout_layer_cave, serial_ice, serial_ice_g,
          serial_ice_h, serial_ice_a, serial_ice_e, portal_ice_cave_entry_imps,
          minmay_misc_feat_tower, st_stairs_11, uniq_frances
D:15:     hangedman_depths_entry_try_elsewhere_first, layout_cave_pools,
          chequers_serial_rivers_large_a, serial_rivers,
          chequers_serial_rivers_small_3, chequers_serial_rivers_marsh,
          chequers_serial_rivers_micro_d, chequers_serial_rivers_micro_c
Temple:   cyrus_temple_forest
Lair:1:   layout_hall_layers, ebering_ghost_xom, grunt_megastairs_4
Lair:2:   layout_cave_pods, minmay_snake_entry_guardpost_small
Lair:3:   layout_gridlike
Lair:4:   layout_regular_city, minmay_swamp_entry_reptiles, minivault_27,
          grunt_megastairs_2
Lair:5:   layout_small_grid, dpeg_slime_entry_enclosed_altar,
          gauntlet_entry_generic, minmay_stone_trees_small, st_stairs_10,
          minivault_27
Swamp:1:  layout_basic_swamp, nicolae_swamp_round_clearing, swamp_pool2,
          nicolae_swamp_dense_foliage, uniq_nikola, uniq_louise
Swamp:2:  layout_falls_marsh, hangedman_swamp_cone, swamp_pool5,
          hangedman_swamp_lotus
Swamp:3:  layout_falls_marsh, infiniplex_staircase_pool
Swamp:4:  swamp_basic_johnstein, layout_basic_swamp, swamp_pool1
Snake:1:  layout_cave_pods
Snake:2:  layout_gridlike, nicolae_snake_shapes, minmay_shop_grove
Snake:3:  layout_cave_town, st_stairs_8, uniq_roxanne, uniq_vashnia
Snake:4:  snake_hunt, layout_grid_shapes, grunt_megastairs_3,
          serial_bayou_shore_a
Orc:1:    layout_caves, basic_altar, bloody_makhleb, uniq_maurice
Orc:2:    pubby_orc_utopia
Depths:1: layout_twisted_cross, hell_entry, marbit_kobold_abyss_entry,
          hangedman_feature_mirror, hangedman_decor_clover_reticule,
          minmay_misc_feat_roman, tso_altar
Depths:2: minmay_the_grid_triangle_9x9_line_8_mashed
          [minmay_the_grid_triangle_9x9_corrupted_corridor,
          minmay_the_grid_triangle_9x9_stretched_checkered,
          minmay_the_grid_triangle_9x9_pentomino_pain,
          minmay_the_grid_triangle_9x9_dagger,
          minmay_the_grid_triangle_9x9_fully_insulated_deathbox,
          minmay_the_grid_triangle_9x9_odd_lines,
          minmay_the_grid_triangle_9x9_warning,
          minmay_the_grid_triangle_9x9_prize_top_heavy], layout_gridlike,
          nicolae_abyss_entry_one_way_or_another, pf_hell_entry_tar_river,
          minmay_misc_feat_encased, kennysheep_inner_square,
          infiniplex_staircase_trident
Depths:3: gammafunk_corrupted_shrine, layout_gridlike, pan_entry, hell_entry,
          grunt_decor_arrowhead, uniq_xtahua
Depths:4: evilmike_makhleb_hellhole, layout_small_grid, enter_ziggurat_e,
          infiniplex_staircase_squiggle, abyss_entry, hell_entry,
          minmay_shoptagon, serial_bayou_shore_b, uniq_enchantress
Depths:5: evilmike_zot_entry_castle, layout_basic, special_room
          [special_room_morgue], serial_curves, eino_curves_03, eino_curves_03,
          hangedman_geh_valley

Skill      XL: |  1  2  3  4  5  6  7  8  9 10 11 12 13 14 15 16 17 18 19 |
---------------+----------------------------------------------------------+-----
Axes           | 3 4 5 7 8 10 11 13 15 16 18 | 18.0
Fighting       | 3 7 10 11 12 14 15 16 | 16.1
Armour         | 5 11 12 13 | 13.2
Invocations    | 1 7 11 12 14 15 16 18 22 | 22.8
Dodging        | 4 5 6 8 9 |  9.6
Evocations     | 5 9 10 12 13 | 13.5
Shields        | 5 8 10 11 | 11.0

Action                   |  1- 3 |  4- 6 |  7- 9 | 10-12 | 13-15 | 16-18 | 19-21 || total
-------------------------+-------+-------+-------+-------+-------+-------+-------++-------
Melee: War axe           |   104 |   188 |   238 |   657 |  1627 |  1303 |   349 ||  4466
       Scimitar          |       |       |       |    10 |       |       |       ||    10
       Morningstar       |       |       |       |       |     7 |    55 |       ||    62
       Broad axe         |       |       |       |       |       |       |   231 ||   231
Throw: Dart              |       |       |       |     2 |     2 |       |       ||     4
       Boomerang         |       |       |       |       |       |     7 |       ||     7
Invok: Lesser Servant of |       |       |       |       |     5 |       |       ||     5
       Greater Servant o |       |       |       |       |       |       |     3 ||     3
 Abil: Heal Wounds       |       |     4 |    13 |    25 |     8 |    20 |     7 ||    77
Evoke: Wand              |       |       |       |     8 |     2 |     5 |     1 ||    16
       Phial of floods   |       |       |       |     1 |     2 |       |       ||     3
       Condenser vane    |       |       |       |       |     1 |     7 |     2 ||    10
       Tin of tremorston |       |       |       |       |       |     4 |     4 ||     8
       Box of beasts     |       |       |       |       |       |       |     2 ||     2
  Use: Scroll            |       |     3 |     4 |    14 |    16 |     5 |     4 ||    46
       Potion            |       |       |     1 |     2 |     1 |     2 |     4 ||    10
 Stab: Distracted        |       |       |       |       |     3 |       |     2 ||     5
       Confused          |       |       |       |       |     3 |       |       ||     3
Armor: Scale mail        |    45 |    67 |    68 |       |       |       |       ||   180
       Chain mail        |       |       |    63 |   417 |   526 |       |       ||  1006
       Plate armour      |       |       |       |    29 |   126 |   924 |   364 ||  1443
Dodge: Dodged            |    42 |    46 |    69 |   193 |   448 |   559 |   228 ||  1585
Block: Kite shield       |    59 |    95 |   122 |   398 |   903 |   418 |       ||  1995
       Tower shield      |       |       |       |       |       |   909 |   497 ||  1406

Table legend: (Time is in decaauts)
 A = Elapsed time spent in this place.
 B = Non-inter-level travel time spent in this place.
 C = Inter-level travel time spent in this place.
 D = Time resting spent in this place.
 E = Time spent auto-exploring this place.
 F = Levels seen in this place.
 G = Mean time per level.
                   A        B        C        D        E       F      G
               +--------+--------+--------+--------+--------+-----+--------+
         Total |  24879 |  22717 |   2162 |    341 |  13798 |  39 |  637.9 |
       Dungeon |   9951 |   9018 |    933 |     16 |   5836 |  15 |  663.4 |
        Temple |     88 |     49 |     39 |      0 |     47 |   1 |   88.0 |
          Lair |   4563 |   3934 |    629 |      0 |   2913 |   5 |  912.6 |
         Swamp |   1847 |   1715 |    132 |      0 |    931 |   4 |  461.8 |
     Snake Pit |   1783 |   1574 |    209 |    244 |    474 |   4 |  445.8 |
  Orcish Mines |   1872 |   1803 |     69 |      2 |   1162 |   2 |  936.0 |
        Depths |   3634 |   3485 |    149 |     79 |   1969 |   5 |  726.8 |
         Sewer |    385 |    385 |      0 |      0 |    200 |   1 |  385.0 |
      Ice Cave |    482 |    482 |      0 |      0 |    219 |   1 |  482.0 |
      Gauntlet |    269 |    269 |      0 |      0 |     45 |   1 |  269.0 |
               +--------+--------+--------+--------+--------+-----+--------+

Top non-repeatable levels by time:
Depths:4: 1493 daAuts
   Orc:2: 1443 daAuts
    D:14: 1429 daAuts
Depths:2: 1339 daAuts
  Lair:3: 1275 daAuts
    D:12: 1204 daAuts
  Lair:2: 1170 daAuts
  Lair:4: 1114 daAuts
  Lair:5: 850 daAuts
    D:11: 804 daAuts
    D:10: 800 daAuts
     D:9: 770 daAuts
     D:8: 760 daAuts
     D:6: 656 daAuts
 Snake:2: 628 daAuts

Table legend:
 A = Kills in this place as a percentage of kills in entire the game.
 B = Kills by you in this place as a percentage of kills by you in the entire game.
 C = Kills by friends in this place as a percentage of kills by friends in the entire game.
 D = Other kills in this place as a percentage of other kills in the entire game.
 E = Experience gained in this place as a percentage of experience gained in the entire game.
 F = Experience gained in this place divided by the number of levels of this place that you have seen.
                   A       B       C       D       E      F
               +-------+-------+-------+-------+-------+----------------------
         Total | 100.0 | 100.0 | 100.0 | 100.0 | 100.0 | 12191.2
       Dungeon |  33.6 |  33.9 |   0.0 |  33.3 |  14.0 | 4435.7
          Lair |   9.7 |   9.9 |   0.0 |   0.0 |   7.2 | 6804.0
         Swamp |   9.5 |   9.3 |   9.1 |  44.4 |  11.0 | 13104.0
     Snake Pit |  11.7 |  11.4 |  36.4 |  22.2 |  19.5 | 23197.0
  Orcish Mines |  14.7 |  14.9 |   0.0 |   0.0 |   4.8 | 11335.0
        Depths |  16.1 |  16.1 |  36.4 |   0.0 |  41.2 | 39193.6
         Sewer |   1.2 |   1.2 |   0.0 |   0.0 |   0.0 | 101.0
      Ice Cave |   2.9 |   2.8 |   9.1 |   0.0 |   2.0 | 9280.0
      Gauntlet |   0.5 |   0.4 |   9.1 |   0.0 |   0.4 | 1677.0
               +-------+-------+-------+-------+-------+----------------------
